 Dungeon Crawl Stone Soup version 0.29.1-2-gbd0b4ee654 (webtiles) character file.

Game seed: 12286868912789755274

206 qeuew the Trooper (level 5, -3/47 HPs)
             Began as a Hill Orc Fighter on Nov 14, 2022.
             Slain by a gnoll
             ... wielding a +0 spear
              (5 damage)
             ... on level 2 of the Dungeon.
             The game lasted 00:01:20 (1078 turns).

qeuew the Trooper (Hill Orc Fighter)                Turns: 1078, Time: 00:01:21

Health: -3/47      AC:  7    Str: 19    XL:     5   Next: 84%
Magic:  5/5        EV:  9    Int:  8    God:
Gold:   81         SH:  5    Dex: 12    Spells: 4/4 levels left

rFire   . . .      SeeInvis .   a - +0 war axe
rCold   . . .      Faith    .   c - +0 buckler
rNeg    . . .      Spirit   .   b - +0 scale mail
rPois   .          Reflect  .   (no helmet)
rElec   .          Harm     .   (no cloak)
rCorr   +          Rampage  .   (no gloves)
Will    .....                   (no boots)
Stlth   ..........              (no amulet)
HPRegen 0.15/turn               k - ring of resist corrosion
MPRegen 0.09/turn               (no ring)

@: attractive
A: no striking features
a: no special abilities


You were on level 2 of the Dungeon.
You visited 1 branch of the dungeon, and saw 2 of its levels.

You collected 81 gold pieces.

Inventory:

Hand Weapons
 a - a +0 war axe (weapon)
Armour
 b - a +0 scale mail (worn)
 c - a +0 buckler (worn)
Jewellery
 k - a ring of resist corrosion (left hand)
Scrolls
 f - 3 scrolls of teleportation
 g - a scroll of poison {unknown}
Potions
 d - a potion of might
 e - a potion of attraction


   Skills:
 + Level 4.6 Fighting
 + Level 4.1 Axes
 + Level 4.2 Armour
 + Level 1.7 Dodging
 + Level 4.2 Shields


You had 4 spell levels left.
You didn't know any spells.
Your spell library contained the following spells:

 Spells                   Type           Power      Damage    Failure   Level
 Blink                    Tloc           0%         N/A       94%         2
 Lesser Beckoning         Tloc           0%         N/A       99%         3
 Manifold Assault         Tloc           0%         N/A       100%        5


Dungeon Overview and Level Annotations

Branches:
Dungeon (2/15)

Altars:
Fedhas


Message History

The gnoll hits you but does no damage.
The gnoll hits you from afar with a +0 spear.
The gnoll completely misses you. The gnoll hits you with a +0 whip.
The gnoll moves out of view.
You slash the gnoll!
You kill the gnoll!
The gnoll hits you from afar with a +0 spear.
A gnoll comes into view. It is wielding a +0 halberd.
The gnoll shouts! x2; You hear an angry hiss.
The gnoll barely misses you.
You barely miss the gnoll. You block the gnoll's attack.
You closely miss the gnoll. The gnoll barely misses you.
You barely miss the gnoll. You closely miss the gnoll.
The gnoll hits you with a +0 whip. The gnoll hits you with a +0 spear.
You are too injured to fight recklessly!
You are too injured to fight recklessly!
You are too injured to fight recklessly!
You are too injured to fight recklessly!
You are too injured to fight recklessly!
You are too injured to fight recklessly!
You are too injured to fight recklessly!
You are too injured to fight recklessly!
You are too injured to fight recklessly!
You are too injured to fight recklessly!
You are too injured to fight recklessly!
You are too injured to fight recklessly!
You are too injured to fight recklessly!
You are too injured to fight recklessly!
You closely miss the gnoll. You completely miss the gnoll.
The gnoll hits you with a +0 whip.
The gnoll hits you from afar with a +0 halberd!
* * * LOW HITPOINT WARNING * * *
The gnoll hits you with a +0 spear.
* * * LOW HITPOINT WARNING * * *
Unknown command.
It was a potion of attraction.
You feel attractive to monsters. The gnoll closely misses you.
You block the gnoll's attack. The gnoll hits you with a +0 spear.
You die...

##.....#.####.#.#
#..~~~........#.#.#
#...⌠~)......##.#.#
....~........##.#.#
.............##.#.#
#<...........##.#.#
#............##.#.# ##.
#.#..##########.#.#.....
..).... .......)@g.>..#
#.##....#######.#g#.#.#
#.# ###. #.#g# # . #.#.#
# ## #.#.# #### #.#.#
...# #.#.# ...# #. .#
...#


You could see 3 gnolls.

Vanquished Creatures
  Sigmund (D:2)
  A gnoll (D:2)
  3 endoplasms
  A giant cockroach (D:1)
  5 goblins
  4 hobgoblins
  3 jackals (D:1)
  A quokka (D:2)
  4 ball pythons (D:1)
  3 bats (D:1)
  A frilled lizard (D:1)
  8 kobolds
  2 rats (D:1)
37 creatures vanquished.

Notes
Turn   | Place    | Note
-------+----------+-------------------------------------------
     0 | D:1      | qeuew the Hill Orc Fighter began the quest for the Orb.
     0 | D:1      | Reached XP level 1. HP: 19/19 MP: 1/1
    92 | D:1      | Reached XP level 2. HP: 22/27 MP: 2/2
   283 | D:1      | Reached XP level 3. HP: 33/33 MP: 3/3
   716 | D:2      | Found a blossoming altar of Fedhas.
   820 | D:2      | Noticed Sigmund
   832 | D:2      | Killed Sigmund
   833 | D:2      | Reached skill level 1 in Dodging
   833 | D:2      | Reached XP level 4. HP: 14/41 MP: 4/4
   833 | D:2      | Reached XP level 5. HP: 16/47 MP: 5/5
  1077 | D:2      | HP: 2/47 [gnoll/+0 spear (1)]
  1078 | D:2      | Slain by a gnoll

Illustrated notes

Levels and vault maps discovered:
D:1:      evilmike_arrival_rings, layout_rooms, minmay_vboxes
D:2:      layout_basic, basic_altar, corexii_leaking_fountain, kennysheep_donut,
          serial_bayou_ford_a, kennysheep_generic_room_3, uniq_sigmund

Skill      XL: |  1  2  3 |
---------------+----------+-----
Axes           | 3 4 |  4.1
Fighting       | 4 |  4.6
Armour         | 4 |  4.2
Dodging        | 1 |  1.7
Shields        | 4 |  4.2

Action                   |  1- 3 |  4- 6 || total
-------------------------+-------+-------++-------
Melee: War axe           |    91 |    14 ||   105
  Use: Scroll            |     4 |       ||     4
       Potion            |     2 |     1 ||     3
Armor: Scale mail        |    41 |     3 ||    44
Dodge: Dodged            |    47 |     8 ||    55
Block: Buckler           |    29 |     3 ||    32
